cohdb
Replays
Latest Replays
All Replays
Popular Replays
Top Player Replays
Match Explorer
How It Works
Community
CoH3 Stats
Reddit
Sign in to upload your games and track your stats! →
Sign in with Steam
Match 38465779
Unlisted
Match 38465779
Overview
Messages
Build Orders
End
Panzergrenadier Squad
Kradschützen Motorcycle Team
Panzergrenadier Squad
Construct Light Support Kompanie
MG34 Team
2.5-tonne Medical Truck
Fire Support Elements
Forward Retreat Point
le.IG 18 Mechanized Group
Construct Mechanized Kompanie
Veteran Squad Leaders
StuG III D Assault Gun
2.5-tonne Medical Truck
Selects Battlefield Espionage Battlegroup
Selects Intel Disruption Beacon
Selects Plunder
Selects Firestorm
Firestorm
StuG III D Assault Gun
Emergency Repair Kits
Firestorm
Vehicle Survival Package
18-tonne Recovery Half-track
Construct Panzerarmee Kommand
Firestorm
Walking Stuka Rocket Launcher
Selects 250/3 Funkpanzerwagen
Selects Anti-Tank Incendiary Munitions
Selects Operation Skorpion
Walking Stuka Rocket Launcher
Firestorm
Armored Reserves
Firestorm
Firestorm
Thrusher
Muell0r
DeadEntropy
matthias-sto
LTN.lejol
LordSkin
Spitfire
Kev1nnszn
0
0
Comments
sign in to comment!
No comments posted yet!